 Dungeon Crawl Stone Soup version 0.28-a0-687-gb91baff9cc (webtiles) character file.

Game seed: 10356246588360377874

92 ragingrage the Poker (level 4, -2/35 HPs)
             Began as a Demonspawn Chaos Knight on Oct 20, 2021.
             Was a Plaything of Xom.
             Slain by Grinder (4 damage)
             ... on level 3 of the Dungeon.
             The game lasted 00:01:15 (1825 turns).

ragingrage the Poker (Demonspawn Chaos Knight)      Turns: 1825, Time: 00:01:15

Health: -2/35      AC:  7    Str: 14    XL:     4   Next: 35%
Magic:  4/4        EV: 11    Int: 13    God:    Xom [.....*]
Gold:   83         SH:  0    Dex: 12    Spells: 3/3 levels left

rFire   . . .      SeeInvis .   a - +0 spear (chaos)
rCold   . . .      Faith    .   (no shield)
rNeg    . . .      Spirit   .   b - +2 leather armour
rPois   .          Reflect  .   (no helmet)
rElec   .          Harm     .   (no cloak)
rCorr   .          Rampage  .   (no gloves)
Will    .....                   (no boots)
Stlth   +.........              (no amulet)
HPRegen 0.11/turn               (no ring)
MPRegen 0.09/turn               (no ring)

@: no status effects
A: claws 1, thin metallic scales 1, spiny 1
a: Renounce Religion


You were on level 3 of the Dungeon.
You worshipped Xom.
You were Xom's teddy bear.
You visited 1 branch of the dungeon, and saw 3 of its levels.

You collected 83 gold pieces.

Inventory:

Hand Weapons
 a - a +0 spear of chaos (weapon)
Armour
 b - a +2 leather armour (worn)
Scrolls
 c - a scroll of enchant weapon {unknown}
 e - a scroll of identify {unknown}
 h - 2 scrolls of immolation {unknown}
 i - a scroll of noise {unknown}
Potions
 d - 2 potions of lignification {unknown}
 f - a potion of mutation {unknown}
 g - a potion of heal wounds {unknown}


   Skills:
 - Level 3.0 Fighting
 * Level 4.7 Polearms
 - Level 1.7 Armour
 - Level 0.8 Dodging


You had 3 spell levels left.
You didn't know any spells.
Your spell library contained the following spells:

 Spells                   Type           Power      Damage    Failure   Level
 Ensorcelled Hibernation  Hex/Ice        0%         N/A       50%         2
 Sublimation of Blood     Necr           0%         N/A       50%         2
 Wereblood                Tmut           0%         N/A       50%         2
 Tukima's Dance           Hex            0%         N/A       75%         3
 Summon Hydra             Summ           0%         N/A       100%        7


Dungeon Overview and Level Annotations

Branches:
Dungeon (3/15)

Altars:

Shops:
D:1 !

Annotations:
D:3 Grinder


Innate Abilities, Weirdness & Mutations

You have sharp fingernails.
You are partially covered in thin metallic scales. (AC +2)
You are partially covered in sharp spines.


Message History

You hit Grinder.
Grinder is lightly wounded.
Grinder is struck by your spines. Grinder hits you but does no damage.
The bullfrog skeleton is struck by your spines.
You destroy the bullfrog skeleton!
You have reached level 4!
You feel stronger.
Your demonic ancestry asserts itself...
Your fingernails lengthen.
Unknown command.
Unknown command.
You are too injured to fight recklessly!
You are too injured to fight recklessly!
You are too injured to fight recklessly!
You are too injured to fight recklessly!
You are too injured to fight recklessly!
You are too injured to fight recklessly!
You are too injured to fight recklessly!
You are too injured to fight recklessly!
You closely miss Grinder.
Grinder is lightly wounded.
Grinder hits you.
You writhe in agony.
Grinder hits you but does no damage.
You are too injured to fight recklessly!
You hit Grinder.
Grinder is moderately wounded.
Grinder hits you.
* * * LOW HITPOINT WARNING * * *
You writhe in agony.
* * * LOW HITPOINT WARNING * * *
You hit Grinder.
Grinder flickers and vanishes!
Deactivating autopickup; reactivate with Ctrl-A.
Something hits you but does no damage.
You are too injured to fight recklessly!
You closely miss something. Something hits you.
* * * LOW HITPOINT WARNING * * *
You writhe in agony.
* * * LOW HITPOINT WARNING * * *
Something hits you but does no damage.
You are too injured to fight recklessly!
You barely miss something. Something hits you.
You die...
J

###+##### ...# #.......#
...## #.......# .....
+.......####
....#########...........
....#....<..#...@{......
....#.###.#.#...........
............########....
........#.### ...
#####.#.#...# # .. .. #
###†#.# # .#.....#
........#'# .....###....


There were no monsters in sight!

Vanquished Creatures
  A bullfrog skeleton (D:3)
  2 adders
  2 worms (D:2)
  2 dart slugs
  2 ball pythons
  2 endoplasms
  A giant cockroach (D:1)
  3 goblins
  5 hobgoblins
  4 jackals (D:1)
  2 quokkas
  2 bats (D:1)
  3 frilled lizards (D:1)
  3 kobolds
34 creatures vanquished.

Notes
Turn   | Place    | Note
-------+----------+-------------------------------------------
     0 | D:1      | ragingrage the Demonspawn Chaos Knight began the quest for
                  | the Orb.
     0 | D:1      | Reached XP level 1. HP: 18/18 MP: 1/1
   126 | D:1      | Reached skill level 3 in Polearms
   159 | D:1      | Gained mutation: You are partially covered in sharp spines.
                  | [demonic ancestry]
   159 | D:1      | Reached XP level 2. HP: 18/24 MP: 2/2
   277 | D:1      | XOM: silly message
   534 | D:1      | XOM: draining
   610 | D:1      | Found a faded altar of an unknown god.
   755 | D:1      | Found Gila Mul's Distillery.
   876 | D:2      | XOM: fog
   877 | D:2      | XOM: potion effect (curing)
   882 | D:2      | Gained mutation: You are partially covered in thin metallic
                  | scales. (AC +2) [demonic ancestry]
   882 | D:2      | Reached XP level 3. HP: 23/28 MP: 3/3
   958 | D:2      | Reached skill level 4 in Polearms
  1303 | D:2      | XOM: silly message
  1575 | D:2      | XOM: cloud trail
  1610 | D:2      | XOM: noise
  1791 | D:3      | XOM: 4-stop teleportation journey
  1809 | D:3      | Noticed Grinder
  1809 | D:3      | XOM: 1-stop teleportation journey
  1817 | D:3      | XOM: divination: detect creatures
  1821 | D:3      | Gained mutation: You have sharp fingernails. [demonic
                  | ancestry]
  1821 | D:3      | Reached XP level 4. HP: 20/35 MP: 4/4
  1825 | D:3      | Slain by Grinder

Illustrated notes

Levels and vault maps discovered:
D:1:      dpeg_arrival_castle, layout_loops_ring, serial_shops, shop,
          dreamdust_ecumenical_altar_statues
D:2:      layout_basic, dk_noncrumbling_2
D:3:      layout_basic, uniq_grinder

Skill      XL: |  1  2  3 |
---------------+----------+-----
Polearms       | 3 4 |  4.7
Fighting       | |  3.0
Armour         | |  1.7
Dodging        | |  0.8

Action                   |  1- 3 |  4- 6 || total
-------------------------+-------+-------++-------
Melee: Spear             |   125 |     5 ||   130
Armor: Leather armour    |    24 |     3 ||    27
Dodge: Dodged            |    56 |       ||    56

Table legend: (Time is in decaauts)
 A = Elapsed time spent in this place.
 B = Non-inter-level travel time spent in this place.
 C = Inter-level travel time spent in this place.
 D = Time resting spent in this place.
 E = Time spent auto-exploring this place.
 F = Levels seen in this place.
 G = Mean time per level.
                   A        B        C        D        E       F      G
               +--------+--------+--------+--------+--------+-----+--------+
         Total |   1816 |   1794 |     22 |    187 |   1377 |   3 |  605.3 |
       Dungeon |   1816 |   1794 |     22 |    187 |   1377 |   3 |  605.3 |
               +--------+--------+--------+--------+--------+-----+--------+

Top non-repeatable levels by time:
     D:1: 874 daAuts
     D:2: 800 daAuts
     D:3: 142 daAuts
